 Dungeon Crawl Stone Soup version 0.31-a0-466-g98c9adc2b6 (webtiles) character file.

Game seed: 18271401213780873682

7 Sabo the Ducker (level 1, -1/16 HPs)
             Began as a Demonspawn Gladiator on Aug 5, 2023.
             Slain by a jackal (2 damage)
             ... on level 1 of the Dungeon.
             The game lasted 00:00:57 (101 turns).

Sabo the Ducker (Demonspawn Gladiator)               Turns: 101, Time: 00:00:59

Health: -1/16      AC:  4    Str: 14    XL:     1   Next: 91%
Magic:  1/1        EV: 12    Int:  9    God:
Gold:   17         SH:  0    Dex: 14    Spells: 0/0 levels left

rFire   . . .        f - +1 quarterstaff (speed)
rCold   . . .        (shield currently unavailable)
rNeg    . . .        b - +0 leather armour
rPois   .            c - +0 helmet
rElec   .            (no cloak)
rCorr   .            (no gloves)
SInv    .            (no boots)
Will    .....        (no amulet)
Stlth   +            (no ring)
HPRegen 0.22/turn    (no ring)
MPRegen 0.07/turn

%: no passive effects
@: no status effects
A: no striking features
a: no special abilities


You were on level 1 of the Dungeon.
You visited 1 branch of the dungeon, and saw 1 of its levels.

You collected 17 gold pieces.

Inventory:

Hand Weapons
 a - a +0 war axe
 f - a +1 quarterstaff of speed (weapon)
Missiles
 d - 3 throwing nets (quivered)
 e - a javelin
Armour
 b - a +0 leather armour (worn)
 c - a +0 helmet (worn)


   Skills:
 + Level 2.1 Fighting
 + Level 2.6 Axes
 + Level 1.7 Throwing
 + Level 3.1 Dodging


You couldn't memorise any spells.
You didn't know any spells.
Your spell library was empty.

Dungeon Overview and Level Annotations

Branches:
Dungeon (1/15)

Altars:


Message History

The giant cockroach bites you.
You thump the dart slug!
The dart slug is almost dead.
The jackal barely misses you.
The jackal bites you but does no damage.
The dart slug closely misses you. The kobold misses you.
The giant cockroach bites you but does no damage.
You hit the dart slug but do no damage.
The dart slug is almost dead.
The jackal bites you but does no damage.
The jackal closely misses you. The giant cockroach closely misses you.
The kobold misses you. The jackal bites you. The dart slug bites you.
The jackal barely misses you.
You sock the dart slug!
You kill the dart slug!
The giant cockroach bites you but does no damage.
The jackal barely misses you.
The jackal bites you but does no damage.
The kobold hits you with a +0 whip.
Your Dodging skill increases to level 3!
You thump the rat!
You kill the rat!
The jackal closely misses you. x2
The giant cockroach bites you but does no damage.
The kobold hits you with a +0 whip.
* * * LOW HITPOINT WARNING * * *
You hit the endoplasm but do no damage. The jackal closely misses you.
The jackal misses you. The giant cockroach closely misses you.
You barely miss the endoplasm. The jackal barely misses you.
The jackal misses you. The endoplasm closely misses you.
The kobold closely misses you.
The giant cockroach bites you but does no damage.
The jackal bites you but does no damage.
You sock the endoplasm!
You kill the endoplasm!
The jackal bites you but does no damage.
The kobold hits you but does no damage.
The giant cockroach bites you but does no damage.
The jackal bites you.
You die...

#
#...######.#...####
# #........)...###
#.##........##
#.#####....## .
#..#.#########.#
....##.##.........
.#### #...........#
####h.B......
#....@h.....#
#.##.†K.....# ..
#.......(# .#
.........#
..........#
.>........##
...........#
.$......##..#


You could see 2 jackals, a giant cockroach and a kobold.

Vanquished Creatures
  A dart slug (D:1)
  An endoplasm (D:1)
  2 jackals (D:1)
  A ball python (D:1)
  A kobold (D:1)
  A rat (D:1)
7 creatures vanquished.

Notes
Turn   | Place    | Note
-------+----------+-------------------------------------------
     0 | D:1      | Sabo the Demonspawn Gladiator began the quest for the Orb.
     0 | D:1      | Reached XP level 1. HP: 16/16 MP: 1/1
    98 | D:1      | Reached skill level 3 in Dodging
   101 | D:1      | Slain by a jackal

Illustrated notes

Levels and vault maps discovered:
D:1:      roderic_chinese_lattice_arrival, layout_rooms, minmay_pentomino_p2

Skill      XL: |  1 |
---------------+----+-----
Dodging        | 3 |  3.1
Fighting       | |  2.1
Axes           | |  2.6
Throwing       | |  1.7

Action                     || total
---------------------------++-------
  Melee: Quarterstaff      ||    15
 Armour: Leather armour    ||    18
  Dodge: Dodged            ||    38

Table legend: (Time is in decaauts)
 A = Elapsed time spent in this place.
 B = Non-inter-level travel time spent in this place.
 C = Inter-level travel time spent in this place.
 D = Time resting spent in this place.
 E = Time spent auto-exploring this place.
 F = Levels seen in this place.
 G = Mean time per level.
                   A        B        C        D        E       F      G
               +--------+--------+--------+--------+--------+-----+--------+
         Total |     98 |     98 |      0 |      0 |      0 |   1 |   98.0 |
       Dungeon |     98 |     98 |      0 |      0 |      0 |   1 |   98.0 |
               +--------+--------+--------+--------+--------+-----+--------+

Top non-repeatable levels by time:
     D:1: 98 daAuts
